 Dungeon Crawl Stone Soup version 0.32-a0-614-gd166fa89d2 (webtiles) character file.

Game seed: 16051245949022325126

46853 Charly the Fetichist (level 14, -2/116 HPs)
             Began as a Coglin Artificer on Mar 5, 2024.
             Was an Elder of Okawaru.
             Slain by a black mamba (11 damage)
             ... on level 5 of the Lair of Beasts.
             The game lasted 00:52:54 (18812 turns).

Charly the Fetichist (Coglin Artificer)            Turns: 18812, Time: 00:52:55

Health: -2/116     AC: 32    Str: 17    XL:     14   Next: 39%
Magic:  19/19      EV: 14    Int: 11    God:    Okawaru [****..]
Gold:   970        SH:  0    Dex: 18    Spells: 13/13 levels left

rFire   . . .        C - +1 dagger (venom) {Silke}
rCold   . . .        u - +5 short sword (protect) {Myungok}
rNeg    + . .        N - +0 chain mail of a bazaar {rN+ Str+3 SInv}
rPois   +            (no helmet)
rElec   +            q - +0 cloak
rCorr   +            g - +0 pair of gloves
SInv    +            H - +4 pair of boots of the Present {rElec}
Will    +....        (amulet unavailable)
Stlth   +            (ring unavailable)
HPRegen 0.39/turn    (ring unavailable)
MPRegen 0.16/turn    L - gyrogenerator NW-10 {RevParry, rPois rCorr Slay+3}

%: no passive effects
@: heroic, under a protective aura, revved
A: off-hand wielding, slow wielding, warmup strikes, no jewellery
a: Renounce Religion, Heroism, Finesse


You were on level 5 of the Lair of Beasts.
You worshipped Okawaru.
Okawaru was greatly pleased with you.
You visited 3 branches of the dungeon, and saw 15 of its levels.
You also visited: Sewer.

You collected 970 gold pieces.

Inventory:

Hand Weapons
 u - a +5 short sword of protection (offhand) {Myungok}
 C - a +1 dagger of venom (weapon) {Silke}
Missiles
 s - 3 curare-tipped darts
 K - 3 throwing nets
Armour
 g - a +0 pair of gloves (worn)
 q - a +0 cloak (worn)
 H - the +4 pair of boots of the Present (worn) {rElec}
   (You found it on level 8 of the Dungeon)

   rElec:     It insulates you from electricity.
 N - the +0 chain mail of a bazaar (worn) {rN+ Str+3 SInv}
   (You found it on level 5 of the Lair of Beasts)

   Str+3:     It affects your strength (+3).
   rN+:       It protects you from negative energy.
   SInv:      It lets you see invisible.
Gizmo
 L - a gyrogenerator NW-10 (installed) {RevParry, rPois rCorr Slay+3}
   (You invented it yourself on level 5 of the Lair of Beasts)

   [gyrogenerator NW-10]

   RevParry:  Your AC increases as you Rev (up to +5) and while fully Revved,
   your attacks may disarm enemies.
   Slay+3:    It affects your accuracy & damage with ranged weapons and melee
   (+3).
   rPois:     It protects you from poison.
   rCorr:     It protects you from acid and corrosion.
Wands
 w - a wand of warping (3)
 y - a wand of polymorph (1)
 A - a wand of acid (4) (quivered)
Scrolls
 b - 3 scrolls of immolation
 d - a scroll of acquirement {unknown}
 j - a scroll of silence
 l - 2 scrolls of blinking
 n - 2 scrolls of enchant weapon
 o - a scroll of teleportation
 r - a scroll of noise {unknown}
 v - 2 scrolls of vulnerability
 B - a scroll of torment
 E - a scroll of fog
 F - a scroll of fear
 G - a scroll of brand weapon {unknown}
 I - a scroll of enchant armour {unknown}
 J - a scroll of summoning {unknown}
Potions
 a - 3 potions of lignification
 c - 2 potions of brilliance
 e - 4 potions of heal wounds
 f - 3 potions of attraction
 h - 2 potions of mutation {unknown}
 i - a potion of ambrosia {unknown}
 k - 3 potions of might
 m - 2 potions of enlightenment {unknown}
 p - 3 potions of curing
 t - 4 potions of haste
 x - 3 potions of resistance
 z - 2 potions of magic {unknown}
 D - a potion of cancellation
 M - a potion of invisibility


   Skills:
 * Level 12.7(17.7) Fighting
 - Level 10.0(15.0) Short Blades
 + Level 5.4(10.4) Armour
 * Level 8.5(13.5) Dodging
 - Level 0.7(5.7) Stealth
 * Level 7.7 Invocations
 + Level 16.0 Evocations


You had 13 spell levels left.
You didn't know any spells.
Your spell library contained the following spells:

 Spells                   Type           Power      Damage    Failure   Level
 Apportation              Tloc           0%         N/A       94%         1
 Magic Dart               Conj           0%         1d3       94%         1
 Necrotise                Necr           0%         1d4       94%         1
 Sandblast                Erth           0%         2d4       94%         1
 Searing Ray              Conj           0%         2d4       98%         2
 Static Discharge         Conj/Air       0%         3-3/arc   98%         2
 Passwall                 Erth           0%         N/A       100%        3
 Stone Arrow              Conj/Erth      0%         3d7       100%        3
 Airstrike                Air            0%         2d(0-16)  100%        4
 Brom's Barrelling Bould  Conj/Erth      0%         2d3       100%        4
 Fulminant Prism          Conj/Alch      0%         3d5       100%        4
 Ignite Poison            Fire/Alch      0%         N/A       100%        4
 Sticky Flame             Fire/Alch      0%         2d4       100%        4
 Borgnjor's Vile Clutch   Necr/Erth      0%         N/A       100%        5
 Ignition                 Fire           0%         3d3       100%        8
 Chain Lightning          Conj/Air       0%         N/A       100%        9
 Fire Storm               Conj/Fire      0%         5d1       100%        9
 Shatter                  Erth           0%         3d5*      100%        9
 Summon Small Mammal      Summ           Unusable   N/A       N/A         1
 Call Canine Familiar     Summ           Unusable   N/A       N/A         3
 Animate Dead             Necr           Unusable   N/A       N/A         4
 Summon Blazeheart Golem  Fire/Summ      Unusable   N/A       N/A         4
 Summon Lightning Spire   Summ/Air       Unusable   N/A       N/A         4
 Death Channel            Necr           Unusable   N/A       N/A         6

Dungeon Overview and Level Annotations

Branches:
Dungeon (9/15)             Temple (1/1) D:6            Lair (5/5) D:8
 Shoals (0/4) Lair:3       Spider (0/4) Lair:3        Slime (0/5) Lair:4
    Orc (0/2) D:9           Sewer (visited)

Altars:
Ashenzari
Cheibriados
Dithmenos
Elyvilon
Fedhas
Gozag
Hepliaklqana
Kikubaaqudgha
Makhleb
Nemelex Xobeh
Okawaru
Qazlal
Ru
Sif Muna
Trog
Uskayaw
Vehumet
Wu Jian
Xom
Yredelemnul
Zin
The Shining One
Jiyva


Innate Abilities, Weirdness & Mutations

You can wield a second weapon in your off-hand.
It takes a long time for you to wield or remove held weapons.
Your first few attacks do less damage.
You cannot equip rings or amulets.


Message History

You are more poisoned.
The black mamba poisons you! The guardian serpent misses you.
You puncture the guardian serpent with your +5 short sword of protection!
You kill the guardian serpent!
Okawaru accepts your kill.
You feel very sick. The black mamba barely misses you.
The black mamba completely misses you.
You puncture the black mamba with your +5 short sword of protection!
The black mamba is moderately wounded.
You hit the black mamba with your +1 dagger of venom.
The black mamba is poisoned.
You feel very sick. The black mamba barely misses you.
The black mamba closely misses you.
You barely miss the black mamba with your +1 dagger of venom.
The black mamba is moderately wounded.
You miss the black mamba with your +5 short sword of protection.
You feel very sick. The black mamba bites you.
* * * LOW HITPOINT WARNING * * *
You feel better.
The black mamba hisses angrily.
The black mamba closely misses you. The black mamba bites you!
* * * LOW HITPOINT WARNING * * *
The black mamba misses you. The black mamba barely misses you.
You barely miss the black mamba with your +5 short sword of protection.
The black mamba is moderately wounded.
You hit the black mamba with your +1 dagger of venom.
The black mamba bites you!
* * * LOW HITPOINT WARNING * * *
The black mamba bites you!
* * * LOW HITPOINT WARNING * * *
You are poisoned.
The black mamba poisons you!
You feel very sick. The black mamba bites you!
* * * LOW HITPOINT WARNING * * *
Okay, then.
You feel better.
The black mamba looks more healthy.
The black mamba barely misses you. The black mamba bites you!
You die...

..##.###.....##.####..#....###P##
.#.#.P.###....#######.(..### ###.
..#.P....###...##..##..### #..
......P....###.#....####. #..
#............###..P...... #..
#............###.P.S... #..
#..........###.#..†.#### #..
#....P...###.$..SS.##..### #..
....#P.###....#.@#####...### ##.^
....####. . ##.## #.##..†.###...
......... ##..#..#..##.........
#........ ##÷.##..##..##....P...
......P.. ##...#....#...##.......
......P..##...##....##...##..P...
..###.P###....#......#....###....
.## .###....##......##....##....
..# ##.÷÷÷.#....#...#.....###..


You could see 3 black mambas.

Vanquished Creatures
  4 hydras
  4 catoblepae
  10 death yaks
  3 skysharks (Lair:5)
  A glowing orange brain (Lair:2)
  A harpy (Lair:3)
  2 wolf spiders (Lair:1)
  A manticore (Lair:3)
  6 elephants (Lair:5)
  6 black mambas
  A guardian serpent (Lair:5)
  17 cane toads
  2 rime drakes
  10 komodo dragons
  3 polar bears (Lair:1)
  7 hornets
  A dream sheep (Lair:3)
  5 blink frogs (Lair:4)
  A jumping spider (Lair:3)
  3 culicivoras (Lair:3)
  A shadow (D:9)
  38 yaks
  18 wyverns
  An unseen horror simulacrum (D:9)
  A basilisk (Lair:1)
  2 steam dragons
  A redback (Lair:3)
  11 water moccasins
  4 orc warriors
  A black bear (Lair:1)
  3 ice beasts
  A sky beast (D:7)
  A crocodile (Sewer)
  A centaur (D:5)
  31 wolves
  A kobold brigand (D:8)
  A brain worm (Sewer)
  15 bullfrogs
  4 scorpions
  3 wights (D:9)
  8 killer bees
  An electric eel (D:9)
  2 howler monkeys
  3 vampire bats (D:5)
  3 bombardier beetles
  4 hounds
  4 jellies
  7 orc priests
  A gnoll bouda (D:7)
  A sleepcap (D:6)
  5 iguanas
  5 orc wizards
  Terence (D:2)
  2 hell rats (Lair:3)
  A centaur simulacrum (D:9)
  9 adders
  3 gnolls (D:7)
  6 river rats
  A shadow imp (D:7)
  7 white imps (D:9)
  A howler monkey simulacrum (D:9)
  4 ufetubi (D:6)
  3 dart slugs
  A ribbon worm (D:4)
  37 orcs
  4 ball pythons
  10 bats (Sewer)
  A bat skeleton (D:5)
  3 bat zombies (D:5)
  9 endoplasms
  6 giant cockroaches
  4 goblins
  5 hobgoblins
  11 kobolds
  6 quokkas
  15 frilled lizards
  13 rats
434 creatures vanquished.

Vanquished Creatures (collateral kills)
  An ogre (D:6)
  A bombardier beetle (D:5)
  A shadow imp (D:6)
3 creatures vanquished.

Vanquished Creatures (others)
  A scorpion (D:5)
1 creature vanquished.

Grand Total: 438 creatures vanquished

Notes
Turn   | Place    | Note
-------+----------+-------------------------------------------
     0 | D:1      | Charly the Coglin Artificer began the quest for the Orb.
     0 | D:1      | Reached XP level 1. HP: 15/15 MP: 1/1
   302 | D:1      | Reached XP level 2. HP: 20/21 MP: 2/2
  1380 | D:2      | Noticed Terence
  1383 | D:2      | Killed Terence
  1384 | D:2      | Reached skill level 5 in Evocations
  1384 | D:2      | Reached XP level 3. HP: 28/28 MP: 3/3
  2147 | D:2      | Found a faded altar of an unknown god.
  2301 | D:3      | Reached XP level 4. HP: 34/34 MP: 4/4
  2362 | D:3      | Found a sacrificial altar of Ru.
  2559 | D:3      | Found a bloodstained altar of Trog.
  2559 | D:3      | Found an ornate altar of the Wu Jian Council.
  2560 | D:3      | Found an opulent altar of Gozag.
  2950 | D:4      | Noticed a bullfrog
  3248 | D:4      | Killed a bullfrog
  3249 | D:4      | Reached skill level 6 in Evocations
  3249 | D:4      | Reached XP level 5. HP: 28/41 MP: 5/5
  3949 | D:5      | Entered Level 5 of the Dungeon
  4023 | D:5      | Found a shadowy altar of Dithmenos.
  4054 | D:5      | Reached XP level 6. HP: 42/48 MP: 6/6
  4395 | D:5      | Reached skill level 1 in Short Blades
  4395 | D:5      | Reached skill level 7 in Evocations
  4619 | D:5      | Reached XP level 7. HP: 52/55 MP: 7/7
  4658 | D:5      | Reached skill level 5 in Fighting
  4796 | D:5      | Reached skill level 8 in Evocations
  4840 | D:5      | Found an ancient bone altar of Kikubaaqudgha.
  5125 | D:6      | Reached skill level 9 in Evocations
  5130 | D:6      | Found a white marble altar of Elyvilon.
  5205 | D:6      | Reached XP level 8. HP: 62/62 MP: 8/8
  5264 | D:6      | Found a glowing drain.
  5275 | Sewer    | Entered a sewer
  5438 | Sewer    | Identified the +11 shortbow of the Mind {freeze, rElec
                  | rCorr}
  5582 | D:6      | Found a staircase to the Ecumenical Temple.
  5596 | Temple   | Entered the Ecumenical Temple
  5789 | D:6      | Reached skill level 10 in Evocations
  6711 | D:7      | Reached skill level 5 in Short Blades
  6711 | D:7      | Reached XP level 9. HP: 65/69 MP: 9/9
  7846 | D:8      | Reached skill level 11 in Evocations
  7859 | D:8      | Found a staircase to the Lair.
  8213 | D:8      | Identified the +4 pair of boots of the Present {rElec}
  8379 | D:8      | Found an iron altar of Okawaru.
  8387 | D:8      | Became a worshipper of Warmaster Okawaru
  8390 | D:8      | Got Dabbling in Wizarding
  8423 | D:9      | Noticed a hornet
  8429 | D:9      | Killed a hornet
  8485 | D:9      | Noticed a hornet
  8488 | D:9      | Killed a hornet
  8489 | D:9      | Reached XP level 10. HP: 52/79 MP: 10/10
  8599 | D:9      | Reached * piety under Okawaru
  9016 | D:9      | Reached skill level 12 in Evocations
  9452 | D:9      | Reached ** piety under Okawaru
  9932 | D:9      | Found a staircase to the Orcish Mines.
 10063 | Lair:1   | Entered Level 1 of the Lair of Beasts
 10066 | Lair:1   | Noticed a cane toad
 10081 | Lair:1   | Killed a cane toad
 10094 | Lair:1   | Noticed a cane toad
 10100 | Lair:1   | Killed a cane toad
 10101 | Lair:1   | Reached XP level 11. HP: 30/87 MP: 11/11
 10104 | Lair:1   | Reached *** piety under Okawaru
 10315 | Lair:1   | Reached skill level 13 in Evocations
 10362 | Lair:1   | Reached skill level 1 in Dodging
 10592 | Lair:1   | Reached skill level 1 in Invocations
 10606 | Lair:1   | Noticed a wolf spider
 10620 | Lair:1   | Killed a wolf spider
 10620 | Lair:1   | Reached **** piety under Okawaru
 10621 | Lair:1   | Reached skill level 10 in Short Blades
 11042 | Lair:1   | Paralysed by a hornet for 2 turns
 11203 | Lair:1   | Noticed a wolf spider
 11211 | Lair:1   | Killed a wolf spider
 11963 | Lair:1   | Reached ***** piety under Okawaru
 12304 | Lair:2   | You fall into a shaft and drop 2 floors!
 12639 | Lair:4   | Noticed a catoblepas
 12671 | Lair:4   | Killed a catoblepas
 12672 | Lair:4   | Reached XP level 12. HP: 64/96 MP: 12/14
 12673 | Lair:4   | Noticed a four-headed hydra
 12690 | Lair:4   | Killed a four-headed hydra
 12804 | Lair:4   | Found a viscous altar of Jiyva.
 12804 | Lair:4   | Found a staircase to the Slime Pits.
 12851 | Lair:4   | Reached skill level 14 in Evocations
 12875 | Lair:4   | Received a gift from Okawaru
 13048 | Lair:3   | Found a staircase to the Shoals.
 13230 | Lair:2   | Noticed a death yak
 13231 | Lair:2   | Noticed a death yak
 13231 | Lair:2   | Noticed a death yak
 13231 | Lair:2   | Noticed a death yak
 13261 | Lair:2   | Killed a death yak
 13262 | Lair:2   | Reached skill level 10 in Fighting
 13272 | Lair:2   | Killed a death yak
 13294 | Lair:2   | Killed a death yak
 13312 | Lair:2   | Killed a death yak
 13396 | Lair:2   | Noticed an eight-headed hydra
 13417 | Lair:2   | Killed an eight-headed hydra
 13648 | Lair:2   | Reached skill level 5 in Armour
 14319 | Lair:2   | Noticed Harold
 14328 | Lair:2   | Noticed a skyshark
 14331 | Lair:2   | a skyshark changed into a glowing orange brain
 14341 | Lair:2   | Reached skill level 5 in Dodging
 14346 | Lair:2   | Harold changed into Harold the ice beast
 14346 | Lair:2   | Noticed Harold
 14355 | Lair:2   | Killed Harold the ice beast
 14850 | Lair:3   | Found a hole to the Spider Nest.
 15238 | Lair:3   | Reached skill level 5 in Invocations
 15594 | Lair:3   | Reached XP level 13. HP: 71/105 MP: 13/16
 16391 | Lair:4   | Identified the +4 orcbow of Severance {freeze, rElec MP+9}
 16513 | Lair:4   | Reached skill level 15 in Evocations
 16753 | Lair:5   | Entered Level 5 of the Lair of Beasts
 17082 | Lair:5   | Received a gift from Okawaru
 17543 | Lair:5   | Received a gift from Okawaru
 17890 | Lair:5   | Reached XP level 14. HP: 76/115 MP: 14/19
 17890 | Lair:5   | Acquired a gyrogenerator NW-10 {RevParry, rPois rCorr
                  | Slay+3}
 18367 | Lair:5   | Identified the +0 chain mail of a bazaar {rN+ Str+3 SInv}
 18631 | Lair:5   | Reached skill level 16 in Evocations
 18811 | Lair:5   | HP: 2/116 [black mamba (13)]
 18812 | Lair:5   | Slain by a black mamba

Illustrated notes

Levels and vault maps discovered:
D:1:      ncdulo_lavacross, layout_basic,
          nicolae_concentric_dashed_squares_wild, kennysheep_boxes
D:2:      layout_basic, shapermc_ecumenical_altar_hornbeckon,
          hangedman_decor_clover_reticule, minmay_misc_feat_rows,
          dk_noncrumbling_3, uniq_terence
D:3:      layout_loops_cross, nicolae_ru_awakened_eye,
          gammafunk_temple_overflow_claw
D:4:      minmay_chambers_of_fours, layout_basic
D:5:      layout_gridville, lemuel_tele_altar, kennysheep_vampire_church,
          minmay_lizard_king
D:6:      layout_basic, kennysheep_mini, minmay_temple_entry_overgrown,
          portal_sewer_entry_a
D:7:      layout_loops_corners, minmay_starry_boxes
D:8:      layout_cave_pools, kennysheep_okawaru_gauntlet, lair_entry_dummy
D:9:      layout_long_grid, orc_0_dummy, serial_ice, serial_ice_j, serial_ice_o,
          serial_ice_a, serial_ice_f, serial_ice_b, serial_ice_h
Temple:   dpeg_chambers_temple
Lair:1:   minmay_lair_venomous_thicket, layout_regular_city, st_stairs_7,
          serial_bayou_shore_a, grunt_megastairs_3
Lair:2:   layout_regular_city, uniq_harold
Lair:3:   layout_small_grid, minmay_shoals_entry_beasts,
          nicolae_spider_entry_tight_spaces, kennysheep_abandoned_house
Lair:4:   layout_hall_layers, nicolae_slime_entry_slimehenge
Lair:5:   hangedman_lair_tendril_chambers, layout_layer_cave, grunt_megastairs_2

Skill      XL: |  1  2  3  4  5  6  7  8  9 10 11 12 13 14 |
---------------+-------------------------------------------+-----
Fighting       | 2 3 4 5 6 7 8 9 10 12 | 12.7
Evocations     | 5 6 7 9 10 11 12 13 14 15 16 | 16.0
Short Blades   | 1 3 5 7 9 10 | 10.0
Dodging        | 3 5 7 8 |  8.5
Armour         | 3 5 |  5.4
Invocations    | 3 5 7 |  7.7
Stealth        | |  0.7

Action                     |  1- 3 |  4- 6 |  7- 9 | 10-12 | 13-15 || total
---------------------------+-------+-------+-------+-------+-------++-------
  Melee: Dagger            |   134 |   204 |   275 |   862 |   456 ||  1931
         Short sword       |       |    71 |   284 |   883 |   480 ||  1718
  Throw: Dart              |       |       |     1 |       |       ||     1
         Throwing net      |       |       |       |       |     3 ||     3
 Invoke: Heroism           |       |       |       |    19 |    17 ||    36
         Finesse           |       |       |       |     2 |     2 ||     4
Ability: Invent Gizmo      |       |       |       |       |     1 ||     1
  Evoke: Wand              |     3 |     6 |    13 |    14 |     3 ||    39
    Use: Scroll            |     3 |     4 |     6 |     9 |     4 ||    26
         Potion            |       |       |     2 |     6 |     4 ||    12
   Stab: Sleeping          |     1 |     1 |       |       |     2 ||     4
         Invisible         |       |       |       |     4 |       ||     4
         Petrified         |       |       |       |     2 |     3 ||     5
         Distracted        |       |       |       |     1 |     1 ||     2
 Armour: Chain mail        |    18 |       |       |       |    77 ||    95
         Ring mail         |    15 |    25 |       |       |       ||    40
         Scale mail        |       |    75 |   237 |   405 |       ||   717
         Steam dragon scal |       |       |       |    47 |   137 ||   184
  Dodge: Dodged            |    20 |    74 |   136 |   282 |   281 ||   793

Table legend: (Time is in decaauts)
 A = Elapsed time spent in this place.
 B = Non-inter-level travel time spent in this place.
 C = Inter-level travel time spent in this place.
 D = Time resting spent in this place.
 E = Time spent auto-exploring this place.
 F = Levels seen in this place.
 G = Mean time per level.
                   A        B        C        D        E       F      G
               +--------+--------+--------+--------+--------+-----+--------+
         Total |  18103 |  17621 |    482 |   1061 |  13299 |  16 | 1131.4 |
       Dungeon |  10092 |   9729 |    363 |    490 |   7526 |   9 | 1121.3 |
        Temple |      1 |      1 |      0 |      0 |      0 |   1 |    1.0 |
          Lair |   7825 |   7707 |    118 |    571 |   5656 |   5 | 1565.0 |
         Sewer |    183 |    183 |      0 |      0 |    117 |   1 |  183.0 |
               +--------+--------+--------+--------+--------+-----+--------+

Top non-repeatable levels by time:
  Lair:1: 1781 daAuts
  Lair:5: 1657 daAuts
  Lair:3: 1645 daAuts
     D:7: 1508 daAuts
  Lair:2: 1476 daAuts
     D:9: 1375 daAuts
  Lair:4: 1264 daAuts
     D:5: 1158 daAuts
     D:2: 1129 daAuts
     D:1: 1112 daAuts
     D:4: 1102 daAuts
     D:8: 1068 daAuts
     D:6: 983 daAuts
     D:3: 653 daAuts
   Sewer: 183 daAuts
